 Seeded DCSS version 0.28-a0-519-gbfeecf2fc5 (webtiles) character file.

Game seed: 17848141825139092340 (custom seed)

44 Squid the Chopper (level 3, -1/49 HPs)
             Began as a Hill Orc Berserker on Sept 23, 2021.
             Was a Follower of Trog.
             Slain by a worm (3 damage)
             ... on level 2 of the Dungeon.
             The game lasted 00:01:53 (1255 turns).

Squid the Chopper (Hill Orc Berserker)              Turns: 1255, Time: 00:01:54

Health: -1/49      AC:  8    Str: 20    XL:     3   Next: 62%
Magic:  3/3        EV:  8    Int:  7    God:    Trog [*.....]
Gold:   59         SH:  0    Dex: 10    Spells: 2/2 levels left

rFire   . . .      SeeInvis .   a - +0 hand axe
rCold   . . .      Faith    +   (no shield)
rNeg    . . .      Spirit   .   c - +0 chain mail
rPois   .          Reflect  .   (no helmet)
rElec   .          Harm     .   (no cloak)
rCorr   .          Rampage  .   (no gloves)
Will    .....                   (no boots)
Stlth   ..........              h - amulet of faith
HPRegen 0.16/turn               (no ring)
MPRegen 0.08/turn               (no ring)

@: berserking, very quick
A: no striking features
a: Renounce Religion, Berserk


You were on level 2 of the Dungeon.
You worshipped Trog.
Trog was aware of your devotion.
You visited 1 branch of the dungeon, and saw 2 of its levels.

You collected 59 gold pieces.

Inventory:

Hand Weapons
 a - a +0 hand axe (weapon)
Armour
 c - a +0 chain mail (worn)
Jewellery
 h - an amulet of faith (around neck)
Scrolls
 e - a scroll of teleportation {unknown}
Potions
 b - a potion of attraction {unknown}
 d - a potion of berserk rage {unknown}
 f - a potion of lignification {unknown}
 g - a potion of degeneration {unknown}


   Skills:
 + Level 4.0 Fighting
 + Level 5.2 Axes
 + Level 2.5 Armour
 + Level 1.7 Dodging
 + Level 0.2 Stealth


You had 2 spell levels left.
You didn't know any spells.
Your spell library was empty.

Dungeon Overview and Level Annotations

Branches:
Dungeon (2/15)

Altars:


Message History

You are too injured to fight recklessly!
You are too injured to fight recklessly!
You are too injured to fight recklessly!
A red film seems to cover your vision as you go berserk!
You feel yourself moving faster!
You feel mighty! The endoplasm freezes you.
You are frozen.
Natasha claws you.
* * * LOW HITPOINT WARNING * * *
You are too injured to fight recklessly!
You are too injured to fight recklessly!
You barely miss Natasha.
Natasha is heavily wounded.
You hit the endoplasm.
You kill the endoplasm!
Trog accepts your kill.
You completely miss the worm.
Natasha howls an incantation.
Natasha shimmers violently.
Natasha claws you.
* * * LOW HITPOINT WARNING * * *
The worm bites you but does no damage.
You slash Natasha!
You feel the power of Trog in you as your rage grows.
You kill Natasha!
Trog accepts your kill.
Trog appreciates your killing of a magic user.
Natasha screams in fury as she dies!
You slash the worm!
Your Fighting skill increases to level 4!
Your Axes skill increases to level 5!
You have reached level 3!
Your experience leads to an increase in your attributes!
Increase (S)trength, (I)ntelligence, or (D)exterity?
You feel stronger.
You barely miss the worm.
The worm is heavily wounded.
You barely miss the worm.
The worm is heavily wounded.
The worm bites you.
You die...

............ ........#.#
........... .......... #
##......... # #........
#.?........ ###.........
#...w...... ............
#..@.#
..........[.####..####..
.............###........
......# #..............
......####.......>......
........................
....##..................
#....+)......####.......
#'####.......# .......


You could see a worm.

Vanquished Creatures
  Natasha (D:2)
  2 dart slugs (D:1)
  2 ball pythons (D:1)
  3 endoplasms
  A giant cockroach (D:1)
  2 goblins
  A frilled lizard (D:1)
  4 kobolds (D:1)
  A rat (D:1)
17 creatures vanquished.

Notes
Turn   | Place    | Note
-------+----------+-------------------------------------------
     0 | D:1      | Squid the Hill Orc Berserker began the quest for the Orb.
     0 | D:1      | Reached XP level 1. HP: 19/19 MP: 1/1
   112 | D:1      | Reached XP level 2. HP: 27/27 MP: 2/2
  1240 | D:2      | Noticed Natasha
  1252 | D:2      | HP: 2/40 [Natasha (6)]
  1253 | D:2      | Killed Natasha
  1254 | D:2      | Reached skill level 5 in Axes
  1254 | D:2      | Reached XP level 3. HP: 2/33 MP: 3/3
  1255 | D:2      | Slain by a worm

Illustrated notes

Levels and vault maps discovered:
D:1:      onia_arrival_handbag, layout_basic
D:2:      layout_basic, hellmonk_ecumenical_altar_watching_god, st_stairs_11,
          minmay_misc_feat_four_crosses, uniq_sigmund, uniq_natasha

Skill      XL: |  1  2 |
---------------+-------+-----
Fighting       | 4 |  4.0
Axes           | 5 |  5.2
Armour         | |  2.5
Dodging        | |  1.7
Stealth        | |  0.2

Action                   || total
-------------------------++-------
Melee: Hand axe          ||    47
Invok: Berserk           ||     1
  Use: Scroll            ||     1
 Stab: Sleeping          ||     1
Armor: Animal skin       ||     3
       Chain mail        ||     6
Dodge: Dodged            ||    27

Table legend: (Time is in decaauts)
 A = Elapsed time spent in this place.
 B = Non-inter-level travel time spent in this place.
 C = Inter-level travel time spent in this place.
 D = Time resting spent in this place.
 E = Time spent auto-exploring this place.
 F = Levels seen in this place.
 G = Mean time per level.
                   A        B        C        D        E       F      G
               +--------+--------+--------+--------+--------+-----+--------+
         Total |   1256 |   1208 |     48 |      0 |   1062 |   2 |  628.0 |
       Dungeon |   1256 |   1208 |     48 |      0 |   1062 |   2 |  628.0 |
               +--------+--------+--------+--------+--------+-----+--------+

Top non-repeatable levels by time:
     D:1: 1187 daAuts
     D:2: 69 daAuts
